 Dungeon Crawl Stone Soup version 0.31-a0-177-g4aa6249778 (webtiles) character file.

Game seed: 7813211042192475468

25 Kaoy the Sneak (level 2, 0/14 HPs)
             Began as a Spriggan Brigand on June 19, 2023.
             Was a Follower of Uskayaw.
             Killed from afar by Sigmund (5 damage)
             ... with a magic dart
             ... on level 2 of the Dungeon.
             The game lasted 00:17:47 (1062 turns).

Kaoy the Sneak (Spriggan Brigand)                   Turns: 1062, Time: 00:17:47

Health: 0/14       AC:  3    Str:  7    XL:     2   Next: 86%
Magic:  3/3        EV: 16    Int: 12    God:    Uskayaw [*.....]
Gold:   62         SH:  0    Dex: 16    Spells: 1/1 levels left

rFire   . . .        a - +2 dagger
rCold   . . .        (no shield)
rNeg    . . .        b - +0 robe
rPois   .            (helmet restricted)
rElec   .            c - +0 cloak
rCorr   .            (gloves unavailable)
SInv    +            (boots unavailable)
Will    .....        (no amulet)
Stlth   +++          (no ring)
HPRegen 0.22/turn    (no ring)
MPRegen 0.08/turn

%: no passive effects
@: very quick
A: very small, no large weapons, unfitting armour, see invisible, speed 3
a: Renounce Religion, Stomp


You were on level 2 of the Dungeon.
You worshipped Uskayaw.
Uskayaw was noncommittal.
You visited 1 branch of the dungeon, and saw 2 of its levels.

You collected 62 gold pieces.

Inventory:

Hand Weapons
 a - a +2 dagger (weapon)
 i - a +0 whip
 o - a +0 club
 p - a +0 sling
 s - a +0 whip
 v - a +0 mace
 w - a +0 mace
 x - a +0 hand axe
Missiles
 d - 2 poisoned darts (quivered)
 e - 3 curare-tipped darts
 m - 7 stones
Armour
 b - a +0 robe (worn)
 c - a +0 cloak (worn)
 f - a +0 leather armour
 h - a +0 pair of gloves
 n - a +0 leather armour
 y - a +0 pair of gloves
Scrolls
 j - a scroll of fear {unknown}
 k - a scroll of immolation {unknown}
 l - a scroll of amnesia {unknown}
 q - 2 scrolls of teleportation {unknown}
 t - a scroll of identify {unknown}
 u - 3 scrolls of poison {unknown}
Potions
 g - a potion of invisibility {unknown}
 r - a potion of might {unknown}


   Skills:
 + Level 1.6 Fighting
 * Level 2.7 Short Blades
 + Level 2.1 Throwing
 * Level 1.5 Dodging
 * Level 6.8 Stealth


You had one spell level left.
You didn't know any spells.
Your spell library was empty.

Dungeon Overview and Level Annotations

Branches:
Dungeon (2/15)

Altars:
Uskayaw

Shops:
D:1 :

Annotations:
D:2 Sigmund


Innate Abilities, Weirdness & Mutations

You are very small and have problems with some larger weapons.
You are too small for most types of armour.
You have supernaturally acute eyesight. (SInv)
You cover ground extremely quickly. (Speed+++)


Message History

Throw: 3 darts (poison)
Press: ? - help, Q - select action, (/) - cycle Shift-Dir - straight line, f/p - Sigmund
Aim: Sigmund, wielding a +0 scythe and wearing a +0 robe (moderately wounded, slightly transparent, 57% to hit)
You throw a poisoned dart.
The poisoned dart closely misses Sigmund.
Throw: 2 darts (poison)
Press: ? - help, Q - select action, (/) - cycle Shift-Dir - straight line, f/p - Sigmund
Aim: Sigmund, wielding a +0 scythe and wearing a +0 robe (moderately wounded, slightly transparent, 57% to hit)
You throw a poisoned dart. The poisoned dart hits Sigmund.
Sigmund is poisoned.
Sigmund is moderately wounded.
Sigmund points at you and mumbles some strange words.
The magic dart hits you. Sigmund misses you. Sigmund casts a spell at you.
You resist with some effort.
Sigmund looks more healthy.
Sigmund misses you. Sigmund gestures at you while chanting.
The puff of flame misses you. Sigmund completely misses you.
Throw: dart (poison)
Press: ? - help, Q - select action, (/) - cycle Shift-Dir - straight line, f/p - Sigmund
Aim: Sigmund, wielding a +0 scythe and wearing a +0 robe (heavily wounded, slightly transparent, 57% to hit)
You throw a poisoned dart. The poisoned dart hits Sigmund.
Sigmund is poisoned.
Sigmund is heavily wounded.
Sigmund misses you. Sigmund gestures at you while chanting.
The magic dart hits you!
Ouch! That really hurt!
* * * LOW HITPOINT WARNING * * *
Sigmund misses you.
You see here a rat corpse.
Sigmund looks more healthy.
d - a poisoned dart
There are no items here.
d - 2 poisoned darts (gained 1)
There are no items here.
You see here a poisoned dart.
Sigmund casts a spell at you. The magic dart hits you.
You die...

#.#########
####.........#####
.....###.........#
.##....#.........#######
.......#...†...........#
##...).#####.###.......#
.....†.......# #.......#
.#...........###...#####
.#..............@..##
.#..............((..#
............#.......#
..†.........#.....(.#
............@......)(..
.#########..............
...@.................(...
................######.(.
................... ...


You could see Sigmund.

Vanquished Creatures
  2 dart slugs (D:1)
  3 bats (D:1)
  3 giant cockroaches
  2 hobgoblins
  2 kobolds (D:1)
  4 ball pythons (D:1)
  A frilled lizard (D:2)
  2 goblins
  3 rats
22 creatures vanquished.

Notes
Turn   | Place    | Note
-------+----------+-------------------------------------------
     0 | D:1      | Kaoy the Spriggan Brigand began the quest for the Orb.
     0 | D:1      | Reached XP level 1. HP: 10/10 MP: 2/2
    17 | D:1      | Found Vubal's Book Boutique.
   127 | D:1      | Reached skill level 6 in Stealth
   235 | D:1      | Reached XP level 2. HP: 13/14 MP: 3/3
   571 | D:1      | Found a faded altar of an unknown god.
   601 | D:1      | Prayed at the altar of an unknown god.
   601 | D:1      | Became a worshipper of Uskayaw the Reveller
   601 | D:1      | Reached * piety under Uskayaw
   747 | D:2      | Reached ** piety under Uskayaw
   775 | D:2      | Noticed Sigmund
  1062 | D:2      | Killed from afar by Sigmund

Illustrated notes

Levels and vault maps discovered:
D:1:      amcnicky_arrival_choice, layout_rooms,
          dreamdust_ecumenical_altar_statues, serial_shops,
          nicolae_shop_gibbet_a_chance, amethyst_killhole
D:2:      layout_basic, uniq_sigmund

Skill      XL: |  1 |
---------------+----+-----
Stealth        | 6 |  6.8
Fighting       | |  1.6
Short Blades   | |  2.7
Throwing       | |  2.1
Dodging        | |  1.5

Action                     || total
---------------------------++-------
  Melee: Dagger            ||    73
  Throw: Dart              ||     9
 Invoke: Stomp             ||     1
   Stab: Sleeping          ||     4
 Armour: Robe              ||    13
  Dodge: Dodged            ||    55

Table legend: (Time is in decaauts)
 A = Elapsed time spent in this place.
 B = Non-inter-level travel time spent in this place.
 C = Inter-level travel time spent in this place.
 D = Time resting spent in this place.
 E = Time spent auto-exploring this place.
 F = Levels seen in this place.
 G = Mean time per level.
                   A        B        C        D        E       F      G
               +--------+--------+--------+--------+--------+-----+--------+
         Total |    676 |    676 |      0 |      0 |      0 |   2 |  338.0 |
       Dungeon |    676 |    676 |      0 |      0 |      0 |   2 |  338.0 |
               +--------+--------+--------+--------+--------+-----+--------+

Top non-repeatable levels by time:
     D:1: 449 daAuts
     D:2: 226 daAuts
